Map: Ice and Chrome LE

Players

Vindicta

  • Race: Terran Terran
  • Spawn Location: 1:00

Semper - Winner!

  • Race: Protoss Protoss
  • Spawn Location: 7:00

Event: DreamHack SC2 Masters 2020 Summer North America

VOD

Have the link to the VOD?

Description

Time

  • Played on: July 1, 2020, 5:57 p.m.
  • Length: 27:23

All games in this series

Show
View Real Time Build Order
Export as new Build Order

Vindicta Terran 

Build Orders: Reaper Expand 

Get SALT Encoding   

  12  0:00  SCV  
  13  0:12  SCV  
  14  0:17  Supply Depot  
  14  0:24  SCV  
  15  0:38  SCV  
  15  0:40  Barracks  
  16  0:45  Refinery  
  16  0:50  SCV  
  17  1:03  SCV  
  18  1:15  SCV  
  19  1:29  Reaper, Orbital Command  
  20  1:47  Command Center  
  20  1:53  Supply Depot  
  20  1:56  SCV  
  20  2:01  Marine  
  22  2:08  SCV  
  22  2:13  Factory  
  23  2:22  Barracks Reactor, Bunker  
  23  2:24  SCV  
  24  2:34  Refinery  
  24  2:36  SCV  
  25  2:48  SCV  
  26  2:57  Widow Mine  
  28  2:59  Orbital Command  
  28  3:00  SCV, Marine x2  
  31  3:08  Starport  
  31  3:12  SCV  
  31  3:17  Supply Depot  
  31  3:18  Marine  
  33  3:21  Widow Mine  
  33  3:25  SCV  
  37  3:27  SCV  
  37  3:29  Marine  
  38  3:36  Marine  
  38  3:37  SCV  
  38  3:39  SCV  
  40  3:44  Medivac, Factory Tech Lab  
  40  3:47  Marine  
  43  3:49  Barracks  
  43  3:52  SCV  
  43  3:54  SCV  
  45  3:56  Marine  
  46  4:07  SCV  
  46  4:09  Barracks  
  48  4:10  SCV, Supply Depot  
  48  4:13  Factory Tech Lab  
  48  4:18  Marine x2  
  48  4:20  SCV  
  51  4:26  Engineering Bay, Refinery  
  51  4:28  Raven  
  53  4:32  Supply Depot  
  53  4:35  Marine x2  
  53  4:36  SCV  
  55  4:43  SCV  
  55  4:44  Factory Reactor  
  56  4:48  Stimpack, Marauder  
  56  4:49  SCV  
  59  4:53  Marine  
  59  4:55  SCV  
  59  4:57  Refinery  
  61  5:00  Supply Depot  
  61  5:01  SCV, Terran Infantry Weapons Level 1  
  62  5:08  SCV  
  62  5:11  Marauder  
  62  5:13  SCV  
  66  5:17  Marine x2  
  68  5:21  Starport Reactor  
  68  5:22  SCV, Combat Shield  
  68  5:23  Supply Depot  
  68  5:24  Marine  
  68  5:29  Widow Mine x2  
  68  5:32  Marauder  
  68  5:33  SCV  
  68  5:34  SCV  
  68  5:35  Marine  
  73  5:41  Medivac  
  73  5:42  Marine  
  72  5:46  SCV  
  74  5:52  Widow Mine x2  
  74  5:55  Marine  
  78  5:58  SCV  
  78  5:59  SCV, Marine  
  81  6:08  Supply Depot, Marine  
  81  6:09  Supply Depot  
  81  6:11  SCV, Marauder  
  85  6:13  Starport Reactor  
  86  6:22  Missile Turret  
  86  6:26  SCV  
  86  6:30  Widow Mine  
  88  6:34  Concussive Shells  
  88  6:37  SCV  
  88  6:38  SCV  
  89  6:40  Widow Mine  
  89  6:45  Marine  
  89  6:46  Command Center  
  92  6:49  SCV  
  92  6:50  Medivac  
  92  6:51  Medivac  
  92  6:53  SCV  
  98  6:55  Terran Infantry Armor Level 1  
  98  6:56  Supply Depot  
  98  6:58  Marauder  
  100  7:06  Marine x2  
  102  7:09  Barracks  
  102  7:12  Barracks  
  97  7:18  Marauder  
  97  7:19  Supply Depot, Marine  
  97  7:20  Medivac  
  102  7:24  Marine  
  102  7:25  Liberator  
  102  7:28  Marine  
  105  7:30  SCV  
  105  7:36  SCV  
  105  7:37  Marine  
  103  7:39  Marauder  
  103  7:41  Marine  
  103  7:42  SCV  
  108  7:45  Marine  
  108  7:46  Supply Depot  
  108  7:48  SCV  
  108  7:50  Medivac  
  108  7:55  Widow Mine x2  
  108  7:59  SCV  
  108  8:01  Orbital Command, Marine  
  108  8:03  Barracks Reactor  
  108  8:05  Barracks Tech Lab  
  108  8:08  Medivac  
  108  8:12  Marine  
  108  8:13  Marauder  
  108  8:15  SCV  
  108  8:16  Marine  
  108  8:19  Marine  
  114  8:22  Orbital Command  
  114  8:25  Marauder, Starport  
  114  8:26  SCV  
  115  8:30  Marine  
  115  8:31  SCV  
  112  8:34  Marauder x2  
  112  8:37  Viking  
  113  8:43  SCV  
  113  8:46  Marine  
  113  8:47  Marauder  
  112  8:51  Viking  
  112  8:54  SCV x2  
  112  8:55  SCV  
  119  8:57  Marine  
  119  8:58  Marauder  
  122  9:05  Refinery, Marine x2  
  122  9:06  SCV  
  122  9:07  SCV, Viking  
  129  9:10  Refinery  
  129  9:11  Viking  
  129  9:12  Marine  
  129  9:15  SCV  
  130  9:18  SCV, Sensor Tower  
  130  9:19  SCV, Marine  
  130  9:20  Ghost Academy  
  133  9:28  Viking x2, Supply Depot, Marine  
  133  9:30  Marine  
  139  9:39  Viking  
  141  9:46  Supply Depot, Marine  
  141  9:50  Viking, Ghost  
  145  9:53  Enhanced Shockwaves  
  145  9:57  Command Center  
  145  9:58  Ghost  
  147  10:05  Supply Depot  
  147  10:06  Missile Turret  
  147  10:11  Missile Turret  
  147  10:12  Ghost  
  146  10:19  Ghost  
  148  10:24  Medivac  
  148  10:27  Ghost  
  152  10:32  Medivac  
  152  10:33  Armory  
  152  10:34  Engineering Bay  
  154  10:36  Marine x3  
  154  10:39  Medivac  
  154  10:40  Ghost  
  154  10:41  Marine  
  162  10:48  Supply Depot, Marauder  
  164  10:56  Marauder  
  166  10:57  Missile Turret  
  166  10:59  Marine x3  
  166  11:05  SCV  
  166  11:09  SCV x2, Marine  
  166  11:10  Marauder  
  173  11:15  Viking  
  173  11:17  Marine x2  
  173  11:18  Marauder  
  179  11:19  Missile Turret  
  179  11:20  Missile Turret  
  179  11:21  Marine  
  179  11:24  Terran Infantry Weapons Level 2  
  179  11:26  Planetary Fortress  
  179  11:29  Liberator  
  180  11:34  SCV  
  180  11:35  Marine  
  180  11:36  Marauder  
  180  11:39  SCV  
  180  11:41  Liberator  
  180  11:43  SCV  
  180  11:46  SCV  
  169  11:51  SCV  
  169  11:52  Liberator  
  174  11:55  SCV  
  174  12:00  SCV  
  176  12:03  SCV  
  176  12:05  Terran Infantry Armor Level 2  
  177  12:10  Marine  
  177  12:11  Marauder  
  177  12:14  SCV  
  181  12:21  SCV x2  
  181  12:22  Refinery x2, Sensor Tower  
  179  12:23  Liberator  
  179  12:26  SCV  
  179  12:28  Liberator  
  179  12:29  Marine  
  185  12:36  SCV x2  
  187  12:39  Terran Ship Weapons Level 1  
  187  12:47  Marine  
  187  12:50  Marine  
  188  12:57  Medivac x2  
  188  12:58  SCV x2  
  188  13:00  Command Center  
  188  13:01  Marine  
  188  13:02  Marine  
  190  13:06  Medivac  
  190  13:08  SCV  
  190  13:09  Fusion Core  
  190  13:12  SCV  
  191  13:18  SCV  
  191  13:19  Medivac  
  183  13:27  Medivac  
  174  13:31  Marauder  
  174  13:33  SCV x2  
  165  13:34  Marine x3  
  165  13:35  Medivac, Marauder x2, Marine  
  166  13:44  Liberator  
  164  13:49  Medivac  
  164  13:51  Marine  
  153  13:56  Marauder  
  153  13:57  Medivac  
  155  14:05  SCV x2  
  155  14:07  Marine  
  155  14:08  Marauder  
  158  14:10  Marine x2  
  158  14:11  Marauder  
  158  14:13  Liberator  
  165  14:20  Ghost  
  157  14:27  Missile Turret  
  157  14:28  SCV, Ghost  
  152  14:31  Ghost  
  152  14:37  SCV  
  151  14:40  SCV  
  151  14:42  Liberator  
  151  14:44  SCV x2  
  157  14:49  SCV  
  157  14:51  Ghost, Missile Turret  
  157  14:52  SCV  
  161  14:56  SCV x2  
  165  15:01  SCV  
  165  15:04  SCV  
  167  15:09  Liberator  
  167  15:14  Liberator  
  167  15:18  Missile Turret  
  167  15:20  Terran Infantry Weapons Level 3  
  166  15:23  Marine x3  
  166  15:27  Barracks x2  
  168  15:29  Liberator  
  168  15:32  Marine  
  168  15:33  Marauder  
  168  15:35  Liberator  
  177  15:40  Marine  
  181  15:49  Advanced Ballistics  
  181  15:51  Marine x2  
  181  15:52  Refinery  
  181  15:54  Refinery  
  181  15:56  Ghost  
  182  15:57  Ghost  
  182  16:03  Marauder  
  188  16:10  Sensor Tower  
  186  16:13  Marine  
  186  16:16  Marine  
  186  16:17  Viking  
  190  16:25  Marauder  
  185  16:26  Marauder, Marine x2  
  185  16:27  Marauder  
  174  16:34  Viking  
  174  16:36  SCV x2  
  174  16:38  Viking  
  174  16:39  Marine  
  175  16:40  Barracks Tech Lab  
  175  16:41  Marine x2  
  175  16:42  SCV  
  175  16:44  Marine  
  182  16:47  Marauder  
  186  16:54  Marine  
  186  16:58  Viking  
  186  17:00  Marine  
  186  17:01  Marine  
  188  17:02  Terran Infantry Armor Level 3  
  188  17:05  Refinery  
  188  17:06  Viking, Refinery  
  184  17:09  Marauder, Marine  
  184  17:12  Planetary Fortress  
  187  17:17  Viking  
  187  17:20  Viking  
  180  17:28  Orbital Command, Liberator  
  184  17:36  Medivac  
  185  17:37  Marine  
  185  17:42  Marine  
  185  17:43  Barracks Tech Lab  
  186  17:46  Missile Turret, Sensor Tower  
  186  17:47  Liberator  
  186  17:50  Viking  
  187  17:54  Marine  
  187  17:55  Marauder x2  
  187  17:56  Marine  
  193  17:59  Marine x2  
  193  18:01  Marine  
  193  18:02  Marine  
  197  18:08  Liberator  
  199  18:31  Liberator  
  199  18:33  Marine  
  200  18:35  Ghost  
  200  18:38  SCV x3  
  194  18:49  SCV x2  
  194  18:50  SCV x2  
  194  18:52  Ghost  
  194  18:55  Ghost  
  193  18:56  Ghost, Marine x2  
  193  18:57  Marauder, Marine  
  193  19:02  SCV  
  193  19:05  Marauder  
  193  19:06  SCV  
  193  19:09  Marine  
  196  19:14  Marine x3  
  199  19:27  Liberator  
  199  19:30  Liberator  
  197  19:32  Marine  
  196  19:41  Ghost  
  196  19:42  Ghost x2  
  196  19:45  Liberator  
  188  19:54  Ghost  
  188  19:59  Liberator  
  171  20:07  Marine x2  
  171  20:08  Marine  
  171  20:09  Ghost  
  171  20:10  Liberator  
  171  20:11  Marauder  
  171  20:13  Liberator  
  182  20:18  Command Center  
  182  20:26  Marine  
  182  20:28  Terran Ship Weapons Level 2, Liberator  
  185  20:32  Marauder, Orbital Command, Marine  
  185  20:33  Marauder, Marine  
  187  20:41  Marine x2, Liberator  
  187  20:42  Marauder, Marine  
  192  20:53  Liberator  
  192  20:56  Viking  
  180  21:10  Marauder  
  180  21:11  Viking  
  181  21:13  Marine  
  181  21:14  Marauder  
  181  21:16  Marine  
  181  21:17  Marauder, Orbital Command, Marine x2  
  179  21:24  SCV, Viking, Marine  
  179  21:25  Marine  
  181  21:26  Viking  
  181  21:30  SCV  
  181  21:31  Marine  
  185  21:33  SCV x2  
  185  21:35  Missile Turret  
  185  21:36  Viking, SCV  
  190  21:40  Marine  
  190  21:41  Marauder  
  190  21:42  SCV, Marine  
  190  21:45  SCV  
  190  21:54  Viking  
  190  21:59  SCV, Viking  
  190  22:00  Marine  
  190  22:01  Marauder, Marine  
  193  22:08  SCV, Marauder, Marine  
  195  22:09  Marine  
  195  22:10  Viking  
  195  22:12  SCV  
  195  22:13  SCV  
  195  22:14  SCV  
  195  22:18  Marine x2  
  195  22:19  Marauder, Marine  
  190  22:23  SCV x2  
  188  22:30  Liberator  
  188  22:32  Marauder x2, Marine  
  188  22:36  Liberator  
  197  22:43  Marine  
  192  22:44  Orbital Command  
  192  22:45  Marine  
  192  22:46  Marine  
  192  22:47  Liberator  
  192  22:48  Planetary Fortress  
  179  22:52  SCV  
  179  22:58  Marauder x3, Marine x3  
  174  23:04  Liberator  
  170  23:05  SCV  
  170  23:06  SCV  
  170  23:12  Neosteel Armor  
  167  23:19  Marine x2, Liberator  
  175  23:20  Marine  
  175  23:21  Marauder, Marine  
  175  23:22  SCV  
  175  23:24  Marauder  
  179  23:28  Missile Turret  
  183  23:35  Sensor Tower  
  183  23:36  Liberator  
  183  23:40  Liberator  
  183  23:41  Marine  
  187  23:42  SCV x4  
  187  23:44  Marine  
  187  23:45  Marauder  
  194  23:50  Marine x2  
  194  23:52  Liberator  
  200  23:56  Terran Vehicle And Ship Armor Level 1  
  200  23:58  Marine  
  200  24:00  Marine  
  199  24:11  Sensor Tower  
  199  24:16  Liberator  
  184  24:23  Ghost, Command Center  
  168  24:26  Viking  
  168  24:29  Liberator  
  168  24:30  Marine  
  171  24:35  Liberator  
  171  24:38  SCV  
  177  24:39  SCV x3  
  177  24:42  SCV  
  177  24:54  Marine  
  177  24:55  Marauder  
  177  24:56  SCV, Liberator  
  177  24:58  SCV x2  
  177  24:59  SCV, Liberator  
  183  25:01  Marine  
  183  25:04  Marauder x2, Marine x2  
  187  25:07  Orbital Command, Marine  
  187  25:12  Viking  
  190  25:14  Marine  
  190  25:17  Marine  
  190  25:18  Liberator  
  172  25:29  SCV  
  172  25:30  SCV x2  
  172  25:33  Orbital Command  
  159  25:37  Marine x3  
  159  25:39  Viking, SCV  
  159  25:40  Missile Turret  
  159  25:41  SCV  
  159  25:42  SCV x2  
  169  25:51  SCV  
  169  25:53  SCV  
  169  25:54  SCV, Marine  
  167  26:03  SCV  
  164  26:09  SCV x2  
  164  26:10  SCV  
  164  26:13  Marauder, Marine x2  
  164  26:15  Marine  
  170  26:22  Marauder  
  171  26:26  Viking  
  171  26:28  Marine x2  
  117  27:03  Marine  
Show
View Real Time Build Order
Export as new Build Order

Semper Protoss - Winner!

Build Orders: 1 Gate Expand, Blink Stalkers 

Get SALT Encoding   

  12  0:01  Probe  
  13  0:13  Probe  
  14  0:17  Pylon  
  14  0:24  Probe  
  15  0:32  Probe  
  15  0:36  Gateway  
  15  0:40  Probe  
  16  0:46  Assimilator  
  17  0:51  Probe  
  18  1:03  Probe  
  19  1:15  Probe  
  20  1:24  Cybernetics Core  
  20  1:32  Nexus  
  20  1:36  Probe  
  21  1:42  Pylon  
  21  1:50  Probe, Adept, Assimilator  
  24  2:02  Probe  
  24  2:03  Warp Gate  
  25  2:10  Stalker  
  25  2:14  Probe  
  28  2:26  Probe  
  29  2:38  Probe  
  29  2:39  Twilight Council  
  29  2:41  Probe  
  30  2:46  Stalker  
  30  2:49  Probe  
  30  2:50  Probe  
  35  3:03  Probe  
  36  3:05  Probe  
  37  3:13  Blink  
  37  3:15  Probe  
  37  3:17  Probe, Robotics Facility  
  39  3:27  Probe  
  39  3:30  Probe  
  41  3:39  Probe, Gateway  
  41  3:41  Gateway  
  42  3:42  Probe, Pylon  
  43  3:48  Assimilator  
  43  3:50  Assimilator  
  43  3:51  Probe  
  44  3:57  Probe  
  44  4:01  Warp Prism  
  45  4:05  Stalker  
  45  4:06  Probe  
  50  4:10  Probe  
  50  4:11  Pylon  
  51  4:18  Probe  
  51  4:22  Probe  
  53  4:28  Pylon  
  53  4:30  Stalker, Observer  
  53  4:31  Probe  
  56  4:34  Stalker  
  56  4:35  Stalker  
  56  4:37  Probe  
  62  4:46  Probe  
  62  4:48  Pylon  
  63  4:54  Observer  
  63  4:58  Nexus  
  64  5:03  Stalker  
  66  5:08  Stalker  
  66  5:10  Stalker  
  70  5:15  Probe x2  
  70  5:17  Observer  
  69  5:36  Probe x2  
  69  5:38  Stalker x3  
  71  5:48  Probe x2  
  69  6:00  Probe x2, Robotics Bay  
  71  6:11  Sentry x2, Zealot  
  75  6:12  Probe x2, Charge  
  75  6:15  Forge  
  75  6:16  Pylon  
  80  6:18  Immortal  
  80  6:25  Probe x2  
  80  6:29  Pylon  
  85  6:35  Shield Battery, Extended Thermal Lance, Pylon  
  85  6:42  Protoss Ground Weapons Level 1  
  85  6:43  Probe  
  85  6:44  Probe x2  
  85  6:46  Pylon  
  88  6:48  Colossus  
  88  6:58  Zealot  
  96  7:07  Stalker x2  
  98  7:20  Pylon  
  98  7:26  Colossus  
  98  7:27  Stalker  
  98  7:28  Probe x3  
  101  7:40  Probe, Stalker  
  101  7:41  Stalker  
  104  7:45  Probe  
  109  7:55  Probe x2  
  109  7:58  Probe  
  112  8:05  Probe  
  112  8:07  Probe  
  112  8:08  Forge  
  112  8:10  Probe  
  112  8:11  Gateway  
  112  8:12  Gateway  
  115  8:13  Probe  
  115  8:14  Gateway  
  115  8:19  Probe  
  117  8:21  Stalker x3  
  122  8:33  Colossus  
  122  8:36  Probe  
  122  8:38  Dark Shrine  
  121  8:48  Probe x2  
  125  8:49  Probe  
  125  8:50  Stalker  
  125  9:00  Probe x2  
  125  9:01  Probe  
  128  9:03  Assimilator  
  128  9:04  Assimilator  
  128  9:06  Gateway  
  128  9:12  Probe x2, Nexus  
  128  9:14  Pylon  
  128  9:16  Probe  
  131  9:21  Pylon  
  131  9:27  Protoss Ground Weapons Level 2  
  131  9:28  Protoss Ground Armor Level 1  
  131  9:35  Probe x2  
  131  9:36  Probe  
  125  9:45  Disruptor  
  125  9:46  Pylon  
  125  9:47  Probe x2, Pylon  
  125  9:48  Probe  
  125  9:49  Pylon  
  125  9:50  Zealot  
  133  9:59  Probe  
  135  10:00  Probe  
  135  10:01  Shield Battery  
  135  10:04  Probe, Robotics Facility  
  134  10:07  Stalker  
  134  10:11  Probe  
  134  10:12  Probe  
  135  10:16  Probe  
  136  10:21  Disruptor  
  136  10:24  Probe x2  
  140  10:28  Probe  
  140  10:31  Zealot x3, Photon Cannon  
  140  10:34  Dark Templar  
  149  10:36  Probe  
  149  10:37  Dark Templar  
  149  10:40  Probe x2  
  154  10:44  Zealot x2  
  154  10:45  Disruptor  
  154  10:47  Disruptor  
  160  11:09  Stalker x6  
  165  11:11  Assimilator  
  165  11:12  Shield Battery  
  165  11:15  Assimilator  
  163  11:21  Dark Templar  
  163  11:22  Gateway  
  165  11:25  Gateway  
  164  11:41  Probe x3  
  166  11:51  Probe  
  166  11:52  Protoss Ground Weapons Level 3, Protoss Ground Armor Level 2, Nexus, Dark Templar x2  
  169  11:54  Pylon  
  169  11:56  Dark Templar  
  169  11:57  Zealot x4  
  169  12:00  Disruptor  
  179  12:03  Gateway  
  179  12:05  Gateway, Disruptor  
  177  12:11  Photon Cannon  
  171  12:46  Disruptor  
  171  12:50  Dark Templar  
  176  12:55  Templar Archives  
  161  13:01  Stalker x3  
  161  13:02  Stalker x7  
  173  13:20  Disruptor  
  173  13:25  Colossus  
  160  13:28  Zealot x7  
  160  13:29  Zealot x4  
  166  13:42  Probe  
  166  13:43  Probe  
  166  13:45  Colossus  
  166  13:46  Photon Cannon  
  166  13:47  Photon Cannon  
  168  13:48  Shield Battery  
  168  13:50  Pylon  
  164  14:05  Zealot, Dark Templar x3  
  164  14:06  Zealot x7  
  186  14:11  Probe x3  
  186  14:14  Probe  
  188  14:30  Zealot x4, Dark Templar x3  
  188  14:31  Shadow Stride, Zealot  
  188  14:32  Protoss Ground Armor Level 3  
  188  14:38  Probe x4  
  184  14:39  Assimilator  
  184  14:42  Assimilator  
  184  14:43  Photon Cannon  
  178  14:47  Colossus x2  
  168  14:57  Protoss Shields Level 1  
  180  15:01  Zealot x4  
  180  15:05  Shield Battery  
  186  15:13  Probe x3  
  187  15:22  High Templar x2  
  187  15:23  High Templar x2  
  187  15:28  Archon x2  
  195  15:38  Nexus  
  195  15:41  Pylon  
  195  15:42  Stalker x3  
  198  15:44  Pylon  
  198  15:47  Gravitic Boosters  
  200  16:07  Photon Cannon  
  200  16:08  Photon Cannon  
  200  16:10  Photon Cannon  
  200  16:11  Photon Cannon  
  200  16:12  Photon Cannon  
  200  16:13  Shield Battery, Photon Cannon x2  
  200  16:15  Shield Battery, Photon Cannon  
  200  16:17  Shield Battery  
  200  16:20  Stargate, Photon Cannon  
  200  16:22  Assimilator  
  200  16:27  Assimilator  
  180  16:43  Dark Templar  
  180  16:44  Dark Templar x6  
  180  16:45  Dark Templar  
  194  16:50  Stalker x3  
  190  17:35  Stalker x5  
  192  17:52  Stalker x2  
  192  17:53  Stalker x2  
  192  17:54  Nexus  
  192  17:57  Pylon  
  200  18:04  Stargate  
  198  18:05  Stargate  
  198  18:10  Fleet Beacon  
  198  18:18  Photon Cannon  
  198  18:19  Photon Cannon  
  198  18:21  Photon Cannon  
  198  18:23  Photon Cannon  
  198  18:25  Photon Cannon  
  198  18:27  Photon Cannon  
  198  18:28  Shield Battery  
  198  18:31  Pylon  
  198  18:33  Pylon  
  198  18:36  Shield Battery  
  198  18:40  Assimilator  
  190  18:43  Assimilator  
  190  18:48  Dark Templar x5  
  196  18:55  Zealot x5  
  200  18:59  Stalker  
  190  19:07  Tempest x2  
  186  19:10  Protoss Shields Level 2  
  196  19:26  Protoss Air Weapons Level 1  
  192  19:34  Dark Templar x4  
  177  19:55  Stalker x4  
  175  20:02  Disruptor x2  
  177  20:10  Dark Templar x4  
  183  20:14  Zealot x3  
  187  20:27  Tempest  
  188  20:30  Stalker x4  
  196  20:41  Pylon  
  196  20:42  Nexus  
  196  20:45  Pylon  
  178  21:00  Stalker x3  
  178  21:01  Stalker x8  
  198  21:25  Dark Templar x2  
  200  21:32  Photon Cannon  
  200  21:34  Photon Cannon  
  200  21:36  Photon Cannon  
  200  21:37  Photon Cannon  
  200  21:39  Photon Cannon  
  200  21:41  Photon Cannon  
  200  21:42  Shield Battery  
  200  21:43  Disruptor  
  200  21:46  Shield Battery  
  200  21:47  Disruptor  
  200  21:48  Assimilator  
  200  21:52  Assimilator  
  172  22:01  Robotics Facility  
  172  22:04  Zealot  
  172  22:05  Zealot x10, Robotics Facility  
  185  22:19  Disruptor  
  178  22:22  Disruptor  
  178  22:32  Stalker x7  
  178  22:33  Stalker x4  
  176  22:49  Disruptor  
  160  22:54  Disruptor  
  160  22:56  Zealot  
  160  22:57  Zealot x6  
  160  22:58  Dark Templar x2  
  167  23:01  Disruptor  
  165  23:12  Dark Templar x2  
  163  23:18  Assimilator  
  163  23:21  Shield Battery  
  163  23:23  Pylon, Photon Cannon x2  
  163  23:24  Shield Battery, Gateway  
  163  23:25  Gateway  
  166  23:30  Gateway, Dark Templar x5  
  166  23:31  Dark Templar x4  
  197  23:45  Immortal x3  
  197  23:46  Stalker x2  
  194  23:49  Phoenix  
  194  23:50  Phoenix  
  194  23:54  Gateway  
  188  24:02  Gateway  
  188  24:03  Probe x6  
  177  24:22  Stalker  
  177  24:23  Stalker x9  
  197  24:26  Pylon  
  197  24:29  Probe  
  197  24:30  Probe x3  
  198  24:35  Stalker x2  
  190  25:03  Stalker x5  
  181  25:42  Dark Templar x4  
  189  25:43  Dark Templar x5  
  197  25:55  Disruptor  
  197  25:56  Disruptor  
  175  26:18  Stalker x2  
  179  26:29  Dark Templar x4  
  179  26:30  Zealot x6  
  199  26:32  Disruptor  
  199  26:33  Disruptor  
  189  26:48  Stalker  
  189  26:49  Stalker x3  
  169  27:06  Stalker  
  169  27:07  Stalker x8  
  169  27:08  Stalker x3  
Tags
 
Add a new tag
Caveats
  • Supply blocks, unpowered buildings, or Contaminate may cause inaccurate times.
  • Supply counts are checked every 10 seconds.